 Seeded DCSS version 0.32-a0-999-gfa1cc04b1d (webtiles) character file.

Game seed: 202404241 (custom seed)

3112 Orlauf the Cleaver (level 9, -4/72 HPs)
             Began as a Demonspawn Gladiator on Apr 24, 2024.
             Was a Priest of Uskayaw.
             Slain by a red ugly thing (11 damage)
             ... on level 7 of the Dungeon.
             The game lasted 00:07:57 (5010 turns).

Orlauf the Cleaver (Demonspawn Gladiator)           Turns: 5010, Time: 00:07:57

Health: -4/72      AC: 15    Str: 20    XL:     9   Next: 60%
Magic:  14/14      EV:  7    Int:  8    God:    Uskayaw [***...]
Gold:   341        SH:  0    Dex: 14    Spells: 8/8 levels left

rFire   . . .        a - +2 battleaxe
rCold   . . .        (shield currently unavailable)
rNeg    . . .        p - +0 chain mail
rPois   .            c - +0 helmet
rElec   .            t - +1 cloak
rCorr   .            h - +0 pair of gloves
SInv    .            (no boots)
Will    .....        j - amulet of the acrobat Stlth
                     (no ring)
HPRegen 0.32/turn    (no ring)
MPRegen 0.14/turn

%: acrobat
@: no status effects
A: molten scales 2, powered by death 1, spiny 2, demonic touch 1
a: Renounce Religion, Stomp, Line Pass


You were on level 7 of the Dungeon.
You worshipped Uskayaw.
Uskayaw was noncommittal.
You visited 2 branches of the dungeon, and saw 10 of its levels.

You collected 341 gold pieces.

Inventory:

Hand Weapons
 a - a +2 battleaxe (weapon)
 b - the +5 halberd "Orlauf's Death" {flame, rF+ SInv}
   (You found it on level 8 of the Dungeon)

   rF+:       It protects you from fire.
   SInv:      It lets you see invisible.
 f - a +0 mace
 u - a +1 war axe
 A - a +0 heavy trident
Missiles
 e - 5 javelins
 q - 22 poisoned darts
Armour
 c - a +0 helmet (worn)
 h - a +0 pair of gloves (worn)
 p - a +0 chain mail (worn)
 s - a +0 scale mail
 t - a +1 cloak (worn)
Jewellery
 g - a ring of fire
 j - an amulet of the acrobat (around neck)
 r - the ring of Amaopyntu {rC++ SInv Stlth-}
   (You found it on level 5 of the Dungeon)

   [ring of see invisible]

   rC++:      It greatly protects you from cold.
   SInv:      It lets you see invisible.
   Stlth-:    It makes you less stealthy.
 E - an amulet of magic regeneration
Wands
 v - a wand of flame (5)
 w - a wand of mindburst (12)
 B - a wand of warping (10)
Scrolls
 i - 2 scrolls of blinking
 l - 5 scrolls of teleportation
 n - 2 scrolls of identify
 y - a scroll of amnesia
 C - a scroll of silence {unknown}
 D - a scroll of enchant weapon
Potions
 k - 2 potions of ambrosia
 m - 2 potions of lignification
 o - 2 potions of curing
 x - 2 potions of enlightenment
 z - 5 potions of heal wounds {unknown}
 F - a potion of attraction {unknown}


   Skills:
 + Level 7.4 Fighting
 * Level 9.7 Axes
 - Level 1.7 Throwing
 - Level 2.6 Dodging
 + Level 6.8 Invocations


You had 8 spell levels left.
You didn't know any spells.
Your spell library contained the following spells:

 Spells                   Type           Power      Damage    Failure   Level
 Freeze                   Ice            0%         1d3       98%         1
 Blink                    Tloc           0%         N/A       99%         2
 Lesser Beckoning         Tloc           0%         N/A       99%         2
 Momentum Strike          Conj/Tloc      0%         3d8       99%         2
 Frozen Ramparts          Ice            0%         1d1       100%        3
 Maxwell's Portable Pile  Tloc           0%         2d(5-13)  100%        3
 Sigil of Binding         Hex            0%         N/A       100%        3
 Teleport Other           Tloc           0%         N/A       100%        3
 Anguish                  Hex/Necr       0%         N/A       100%        4
 Cause Fear               Hex            0%         N/A       100%        4
 Arcjolt                  Conj/Air       0%         1d10      100%        5
 Enfeeble                 Hex            0%         N/A       100%        7
 Rimeblight               Ice/Necr       0%         2d3       (prima100%   7


Dungeon Overview and Level Annotations

Branches:
Dungeon (9/15)             Temple (1/1) D:5
   Lair: D:8-11         Orc: D:9-12

Altars:
Ashenzari
Cheibriados
Dithmenos
Fedhas
Gozag
Hepliaklqana
Kikubaaqudgha
Makhleb
Nemelex Xobeh
Okawaru
Ru
Sif Muna
Trog
Uskayaw
Vehumet
Wu Jian
Xom
Yredelemnul

Shops:
D:1 ?   D:3 [   D:6 *


Innate Abilities, Weirdness & Mutations

You are mostly covered in molten scales. (AC +3)
You regenerate a little health from kills.
You are mostly covered in sharp spines.
Your touch may inflict minor irresistible damage on your foes.


Message History

You kill the bullfrog!
Uskayaw will force your foes to helplessly watch your dance.
No target in view!
No target in view!
No target in view!
No target in view!
No target in view!
No target in view!
No target in view!
No target in view!
No target in view!
You see here a bullfrog corpse.
No target in view!
You hit the red ugly thing.
The red ugly thing is lightly wounded.
The red ugly thing is struck by your spines.
The red ugly thing tentacle-slaps you!
You are engulfed in flames!!
You barely miss the red ugly thing.
The red ugly thing is lightly wounded.
The red ugly thing is struck by your spines.
The red ugly thing barely misses you. The red ugly thing tentacle-slaps you!
You are engulfed in flames!
* * * LOW HITPOINT WARNING * * *
You are too injured to fight recklessly!
You barely miss the red ugly thing.
The red ugly thing is moderately wounded.
The red ugly thing tentacle-slaps you.
* * * LOW HITPOINT WARNING * * *
You are engulfed in flames!
* * * LOW HITPOINT WARNING * * *
Unknown command.
Throw: throwing net
Press: ? - help, Q - select action, (/) - cycle Shift-Dir - straight line, f - red ugly thing
Aim: a red ugly thing (moderately wounded, 59% to hit)
You throw a throwing net.
The throwing net closely misses the red ugly thing.
The red ugly thing is struck by your spines.
The red ugly thing tentacle-slaps you!
You die...
Your body falls in perfect tune with the rhythm.

#####.)..##..# #..#.## #oo.##.#
...####.####### o# #........###
#..........# ########......[...
#?.##..#...>.....#
###@†##..#####.#.### #/u##..##.#
....## #($##..##.# ##..##
#########.# #..## ##########
##....####.# #..## #...##...##
#.####...)## #..##
..........###.# ######### #...#
.>.........##.# #..'....####.#.#
...........##.####..#.ßß[#.......


You could see a red ugly thing.

Vanquished Creatures
  Maggie (D:6)
  Sigmund (D:6)
  A steam dragon (D:7)
  2 water moccasins
  A sky beast (D:7)
  2 ice beasts
  A black bear (D:4)
  An ogre (D:6)
  A centaur (D:6)
  2 phantoms (D:5)
  4 bullfrogs
  2 kobold brigands (D:6)
  3 scorpions
  8 wights
  A killer bee (D:7)
  A bombardier beetle (D:5)
  A hound (D:5)
  4 orc priests
  3 iguanas
  A sleepcap (D:5)
  Ijyb (D:5)
  2 orc wizards
  16 adders
  2 shadow imps (D:6)
  4 dart slugs
  A ribbon worm (D:2)
  23 orcs
  6 bats
  3 endoplasms
  3 giant cockroaches
  9 goblins
  4 hobgoblins
  A quokka (D:2)
  13 ball pythons
  3 frilled lizards
  16 kobolds
  6 rats
154 creatures vanquished.

Vanquished Creatures (others)
  An orc (D:7)
1 creature vanquished.

Grand Total: 155 creatures vanquished

Notes
Turn   | Place    | Note
-------+----------+-------------------------------------------
     0 | D:1      | Orlauf the Demonspawn Gladiator began the quest for the
                  | Orb.
     0 | D:1      | Reached XP level 1. HP: 16/16 MP: 1/1
   199 | D:1      | Reached skill level 3 in Axes
   202 | D:1      | Gained mutation: You regenerate a little health from kills.
                  | [demonic ancestry]
   202 | D:1      | Reached XP level 2. HP: 21/22 MP: 2/2
   301 | D:1      | Found Qiwnebbe's Magic Scroll Boutique.
   524 | D:2      | Gained mutation: You are partially covered in molten
                  | scales. (AC +2) [demonic ancestry]
   524 | D:2      | Reached XP level 3. HP: 19/28 MP: 3/3
   892 | D:2      | Reached skill level 4 in Axes
   892 | D:2      | Reached XP level 4. HP: 35/35 MP: 4/4
  1471 | D:3      | Found Keikk's Antique Armour Boutique.
  2048 | D:4      | Gained mutation: You are partially covered in sharp spines.
                  | [demonic ancestry]
  2048 | D:4      | Reached XP level 5. HP: 41/41 MP: 5/5
  2220 | D:4      | Reached skill level 5 in Axes
  2485 | D:4      | Noticed a black bear
  2496 | D:4      | Killed a black bear
  2497 | D:4      | Gained mutation: You are mostly covered in sharp spines.
                  | [demonic ancestry]
  2497 | D:4      | Reached XP level 6. HP: 40/48 MP: 6/6
  2669 | D:5      | Entered Level 5 of the Dungeon
  2705 | D:5      | Identified the ring of Amaopyntu {rC++ SInv Stlth-}
  2766 | D:5      | Found a radiant altar of Vehumet.
  2848 | D:5      | Reached skill level 6 in Axes
  2918 | D:5      | Gained mutation: Your touch may inflict minor irresistible
                  | damage on your foes. [demonic ancestry]
  2918 | D:5      | Reached XP level 7. HP: 55/55 MP: 7/7
  3014 | D:5      | Found a sacrificial altar of Ru.
  3095 | D:5      | Noticed Ijyb
  3104 | D:5      | Killed Ijyb
  3105 | D:5      | Reached skill level 5 in Fighting
  3141 | D:5      | Found a blossoming altar of Fedhas.
  3411 | D:5      | Found a staircase to the Ecumenical Temple.
  3420 | Temple   | Entered the Ecumenical Temple
  3431 | Temple   | Became a worshipper of Uskayaw the Reveller
  3522 | D:6      | Noticed Sigmund
  3527 | D:6      | Reached * piety under Uskayaw
  3530 | D:6      | Killed Sigmund
  3530 | D:6      | Reached ** piety under Uskayaw
  3531 | D:6      | Reached skill level 7 in Axes
  3531 | D:6      | Reached skill level 1 in Invocations
  3555 | D:6      | Reached XP level 8. HP: 42/63 MP: 9/9
  3715 | D:6      | Reached *** piety under Uskayaw
  3728 | D:6      | Noticed Maggie
  3738 | D:6      | Reached **** piety under Uskayaw
  3741 | D:6      | Reached ***** piety under Uskayaw
  3946 | D:6      | Reached skill level 8 in Axes
  4104 | D:6      | You fall into a shaft and drop 3 floors!
  4145 | D:8      | Identified the +5 halberd "Orlauf's Death" {flame, rF+
                  | SInv}
  4294 | D:6      | Reached skill level 5 in Invocations
  4319 | D:6      | Found a burning altar of Makhleb.
  4403 | D:6      | Found Juosof's General Store.
  4501 | D:6      | Gained mutation: You are mostly covered in molten scales.
                  | (AC +3) [demonic ancestry]
  4501 | D:6      | Reached XP level 9. HP: 51/71 MP: 12/12
  4629 | D:6      | Killed Maggie
  4630 | D:6      | Reached skill level 9 in Axes
  4939 | D:7      | Got Bosmoy Lisa's Parchment of the Alpine Barrage
  4984 | D:7      | Noticed a red ugly thing
  5010 | D:7      | Slain by a red ugly thing

Illustrated notes

Levels and vault maps discovered:
D:1:      spicycebolla_green_bress_n_ham_2, layout_basic, serial_shops, shop
D:2:      layout_loops_cross
D:3:      layout_loops_ring, serial_shops, shop, feat_on_display
D:4:      layout_basic, minmay_misc_feat_roman
D:5:      layout_loops_ring, mainiacjoe_overflow_small_starburst,
          jmf_multi_god_temple, fedhas_altar_4, minmay_temple_entry_poolview,
          uniq_ijyb
D:6:      layout_loops_ring, marbit_many_paths, serial_shops,
          nicolae_shop_tiny_waterfront, nicolae_half_adder, uniq_sigmund,
          uniq_maggie
D:7:      minmay_chambers_of_fours, layout_rooms, ebering_ghost_gozag
D:8:      layout_basic, nicolae_qazlal_general_emergency, dpeg_oklobed_lair,
          minmay_diamond_spiral
D:9:      gammafunk_jiyva_shrine, layout_basic, minmay_protected_statue
Temple:   nicolae_temple_bog_church

Skill      XL: |  1  2  3  4  5  6  7  8  9 |
---------------+----------------------------+-----
Axes           | 3 4 5 6 7 8 9 |  9.7
Fighting       | 3 4 5 6 7 |  7.4
Invocations    | 2 5 6 |  6.8
Throwing       | |  1.7
Dodging        | |  2.6

Action                     |  1- 3 |  4- 6 |  7- 9 || total
---------------------------+-------+-------+-------++-------
  Melee: War axe           |    97 |   147 |    90 ||   334
         Touch             |       |       |    22 ||    22
         Battleaxe         |       |       |    44 ||    44
  Throw: Throwing net      |       |       |     3 ||     3
    Use: Scroll            |     2 |     7 |     4 ||    13
   Stab: Held in net/web   |       |       |     1 ||     1
         Paralysed         |       |       |     6 ||     6
 Armour: Leather armour    |    56 |       |       ||    56
         Scale mail        |       |   108 |       ||   108
         Chain mail        |       |    38 |    78 ||   116
  Dodge: Dodged            |    79 |    77 |    59 ||   215

Table legend: (Time is in decaauts)
 A = Elapsed time spent in this place.
 B = Non-inter-level travel time spent in this place.
 C = Inter-level travel time spent in this place.
 D = Time resting spent in this place.
 E = Time spent auto-exploring this place.
 F = Levels seen in this place.
 G = Mean time per level.
                   A        B        C        D        E       F      G
               +--------+--------+--------+--------+--------+-----+--------+
         Total |   5104 |   4820 |    284 |     82 |   3643 |  10 |  510.4 |
       Dungeon |   5084 |   4810 |    274 |     82 |   3643 |   9 |  564.9 |
        Temple |     20 |     11 |      9 |      0 |      0 |   1 |   20.0 |
               +--------+--------+--------+--------+--------+-----+--------+

Top non-repeatable levels by time:
     D:6: 1010 daAuts
     D:2: 855 daAuts
     D:5: 840 daAuts
     D:3: 719 daAuts
     D:4: 701 daAuts
     D:1: 461 daAuts
     D:7: 323 daAuts
     D:8: 168 daAuts
  Temple: 20 daAuts
     D:9: 3 daAuts
